Map: Pillars of Gold LE

Players

BlyOnFire (Bly) - Winner!

  • Race: Zerg Zerg
  • Spawn Location: 1:00

ArT

  • Race: Protoss Protoss
  • Spawn Location: 7:00

Event: DreamHack SC2 Masters 2020 Winter

VOD

Have the link to the VOD?

Description

Time

  • Played on: Oct. 14, 2020, 2:19 p.m.
  • Length: 9:55

All games in this series

Show
View Real Time Build Order
Export as new Build Order

BlyOnFire Zerg - Winner!

Build Orders: Hatch First 

Get SALT Encoding   

  12  0:00  Drone  
  13  0:12  Overlord  
  13  0:18  Drone  
  14  0:31  Drone x2  
  16  0:49  Hatchery  
  15  0:52  Drone  
  16  0:57  Drone  
  16  1:00  Drone  
  18  1:12  Extractor  
  18  1:15  Spawning Pool  
  16  1:18  Drone  
  16  1:22  Drone  
  18  1:28  Drone  
  19  1:39  Drone  
  20  1:51  Drone  
  21  1:56  Hatchery  
  20  2:02  Zergling x4  
  20  2:08  Queen  
  24  2:16  Queen  
  26  2:23  Overlord  
  26  2:28  Drone  
  26  2:29  Drone  
  28  2:34  Metabolic Boost  
  28  2:48  Queen  
  30  2:54  Zergling x4  
  30  2:55  Drone x2  
  34  3:01  Drone  
  34  3:02  Drone  
  36  3:09  Overlord  
  36  3:14  Overlord  
  34  3:20  Overlord  
  34  3:22  Drone x3  
  37  3:30  Drone x2  
  37  3:31  Drone x2  
  41  3:36  Drone  
  41  3:37  Drone  
  43  3:42  Drone x2  
  43  3:45  Zergling x2  
  46  3:50  Zergling x2  
  46  3:52  Zergling x8  
  51  4:01  Drone, Spore Crawler  
  51  4:02  Drone x2  
  53  4:06  Drone x3  
  56  4:10  Drone  
  56  4:11  Spore Crawler  
  56  4:12  Spore Crawler  
  56  4:15  Queen  
  57  4:17  Overlord  
  57  4:20  Overlord  
  57  4:25  Overlord  
  57  4:27  Spore Crawler  
  57  4:28  Spore Crawler  
  52  4:40  Drone x7  
  52  4:44  Drone x2  
  58  4:49  Drone x3  
  61  5:00  Drone x6  
  63  5:09  Zergling x4  
  63  5:10  Zergling x4  
  63  5:13  Extractor, Overlord  
  65  5:14  Extractor, Roach Warren  
  65  5:18  Zergling x10  
  67  5:22  Extractor  
  67  5:24  Lair, Overlord  
  66  5:30  Overlord  
  66  5:34  Overlord  
  65  5:43  Drone x8  
  65  5:46  Overlord  
  73  5:50  Queen x2  
  76  5:57  Drone x4  
  76  5:58  Drone x2, Evolution Chamber  
  76  6:00  Extractor  
  76  6:01  Extractor  
  79  6:05  Drone  
  79  6:17  Roach  
  79  6:18  Roach x6  
  91  6:26  Glial Reconstitution  
  91  6:27  Zerg Missile Weapons Level 1  
  91  6:35  Roach x6  
  91  6:36  Zergling x4  
  104  6:45  Drone x2  
  104  6:51  Drone x3  
  104  6:52  Drone x3  
  108  6:54  Hatchery  
  107  7:02  Spire  
  107  7:03  Drone x3  
  109  7:16  Drone  
  109  7:17  Drone x4, Overlord  
  109  7:19  Overlord  
  109  7:20  Hatchery  
  111  7:31  Overseer  
  111  7:35  Zergling x6  
  111  7:36  Overlord  
  112  7:55  Zergling x26  
  112  7:56  Baneling Nest  
  122  8:02  Overlord  
  120  8:16  Extractor  
  117  8:22  Spore Crawler  
  117  8:23  Extractor  
  112  8:42  Corruptor x11  
  117  9:01  Zergling x18  
  118  9:06  Hatchery  
  114  9:23  Corruptor x4  
  121  9:26  Roach x6  
Show
View Real Time Build Order
Export as new Build Order

ArT Protoss 

Build Orders: 1 Gate Expand, Oracle Opening, Phoenix Opening 

Get SALT Encoding   

  12  0:00  Probe  
  13  0:12  Probe  
  14  0:19  Pylon  
  14  0:24  Probe (Chrono Boost)  
  15  0:37  Probe (Chrono Boost)  
  15  0:39  Gateway  
  16  0:46  Probe (Chrono Boost)  
  16  0:48  Assimilator  
  17  0:51  Probe  
  18  1:04  Probe  
  19  1:16  Probe  
  20  1:27  Nexus  
  20  1:37  Cybernetics Core  
  20  1:40  Probe  
  20  1:46  Assimilator  
  21  1:52  Probe  
  22  1:57  Pylon  
  22  2:04  Probe  
  23  2:12  Adept (Chrono Boost)  
  25  2:16  Probe  
  25  2:21  Stargate  
  26  2:26  Warp Gate  
  27  2:30  Probe (Chrono Boost)  
  27  2:35  Adept  
  29  2:39  Probe (Chrono Boost)  
  30  2:48  Probe (Chrono Boost)  
  30  2:49  Probe (Chrono Boost)  
  32  2:56  Probe x2  
  34  3:08  Probe x2  
  34  3:09  Phoenix (Chrono Boost)  
  36  3:16  Probe  
  34  3:20  Probe  
  34  3:24  Probe  
  36  3:29  Oracle (Chrono Boost)  
  36  3:32  Probe  
  41  3:34  Probe  
  41  3:38  Pylon  
  42  3:45  Probe  
  42  3:47  Probe  
  44  3:48  Gateway  
  44  3:57  Probe  
  44  3:59  Probe  
  44  4:01  Assimilator, Twilight Council  
  46  4:07  Oracle (Chrono Boost)  
  46  4:09  Assimilator, Probe  
  50  4:12  Probe  
  50  4:16  Pylon  
  51  4:18  Adept  
  51  4:21  Probe  
  54  4:34  Probe x2  
  56  4:46  Probe x2  
  56  4:50  Dark Shrine  
  58  4:56  Adept x2  
  58  4:58  Probe x2  
  60  5:02  Pylon  
  60  5:03  Robotics Facility  
  55  5:10  Shield Battery, Probe x2  
  55  5:16  Adept  
  55  5:17  Adept  
  59  5:22  Probe x2  
  59  5:26  Nexus  
  61  5:30  Pylon  
  61  5:34  Probe x2  
  62  5:39  Adept  
  62  5:40  Adept  
  66  5:45  Charge  
  66  5:46  Probe  
  66  5:47  Probe  
  68  5:51  Observer (Chrono Boost)  
  69  5:59  Shield Battery, Probe x2  
  69  6:02  Sentry x2  
  75  6:04  Forge  
  75  6:10  Pylon  
  75  6:11  Probe  
  75  6:23  Probe  
  74  6:26  Probe  
  74  6:28  Dark Templar  
  74  6:29  Adept  
  76  6:38  Probe (Chrono Boost)  
  76  6:39  Probe (Chrono Boost)  
  76  6:41  Phoenix  
  76  6:42  Probe (Chrono Boost)  
  78  6:53  Probe x2 (Chrono Boost)  
  80  6:57  Stargate, Probe (Chrono Boost)  
  80  6:58  Stargate  
  80  6:59  Probe  
  82  7:01  Probe  
  82  7:08  Assimilator, Phoenix  
  85  7:09  Probe  
  85  7:13  Probe  
  87  7:17  Assimilator  
  87  7:19  Pylon  
  87  7:21  Probe  
  88  7:26  Pylon, Probe  
  88  7:29  Zealot  
  91  7:34  Probe  
  91  7:36  Probe  
  95  7:38  Zealot  
  95  7:40  Phoenix (Chrono Boost)  
  96  7:47  Probe x2  
  96  7:49  Phoenix (Chrono Boost)  
  95  7:51  Phoenix (Chrono Boost)  
  95  7:53  Probe  
  95  7:58  Phoenix  
  100  8:02  Pylon, Probe  
  100  8:05  Probe  
  102  8:07  Phoenix  
  102  8:11  Phoenix  
  106  8:15  Probe  
  106  8:17  Probe  
  108  8:22  Probe  
  108  8:24  Stalker x2  
  111  8:31  Probe  
  112  8:34  Immortal (Chrono Boost)  
  110  8:47  Zealot  
  96  8:51  Probe x2  
  96  8:52  Templar Archives  
  96  8:54  Zealot  
  88  9:00  Probe  
  85  9:03  Shield Battery, Probe x2  
  85  9:09  Zealot  
  81  9:12  Probe  
  81  9:15  Probe  
  80  9:18  Adept  
  80  9:27  Pylon  
  80  9:28  Probe  
  80  9:29  Probe  
  81  9:41  Pylon  
  81  9:42  Probe (Chrono Boost)  
  81  9:43  Probe x2 (Chrono Boost)  
  81  9:44  Zealot  
  81  9:45  Zealot  
  88  9:49  Gateway  
Tags
 
Add a new tag
Caveats
  • Supply blocks, unpowered buildings, or Contaminate may cause inaccurate times.
  • Supply counts are checked every 10 seconds.